 Dungeon Crawl Stone Soup version 0.21.1-1-g345015f (webtiles) character file.

13974 ximkin the Severer (level 11, -13/101 HPs)
             Began as a Minotaur Berserker on Feb 12, 2018.
             Was an Elder of Trog.
             Mangled by a skeletal warrior
             ... wielding a +0 hand axe
             ... led by a skeletal warrior
              (20 damage)
             ... on level 13 of the Dungeon on Feb 13, 2018.
             The game lasted 01:30:34 (15550 turns).

ximkin the Severer (Minotaur Berserker)            Turns: 15550, Time: 01:30:35

Health: -13/101    AC:  1    Str: 28    XL:     11   Next: 82%
Magic:  0/10       EV: 16    Int:  4    God:    Trog [****..]
Gold:   718        SH:  0    Dex: 10    Spells: 10/10 levels left

rFire    . . .     SeeInvis +   F - +5 scythe "Finisher" {speed, Str+3}
rCold    . . .     Gourm    .   (shield currently unavailable)
rNeg     . . .     Faith    .   (no armour)
rPois    .         Spirit   +   (helmet restricted)
rElec    .         Reflect  .   i - scarf {repulsion}
rCorr    .         Harm     .   b - +0 pair of gloves
MR       .....                  (no boots)
Stlth    ++........             l - amulet of guardian spirit
HPRegen  0.26/turn              t - ring of see invisible
MPRegen  0.12/turn              (no ring)

@: berserk cooldown, slowed, repel missiles, very slow
A: retaliatory headbutt, horns 2
a: Berserk, Trog's Hand, Brothers in Arms, Burn Spellbooks, Renounce Religion


You were on level 13 of the Dungeon.
You worshipped Trog.
Trog was greatly pleased with you.
You were full.

You visited 1 branch of the dungeon, and saw 12 of its levels.
You also visited: Labyrinth.

You collected 718 gold pieces.

Inventory:

Hand Weapons
 B - a +6 antimagic battleaxe
 F - the +5 scythe "Finisher" (weapon) {speed, Str+3}
   (You took it off a minotaur in a labyrinth)

   Attacks with this weapon are significantly faster.
   It affects your strength (+3).
Armour
 b - a +0 pair of gloves (worn)
 i - a scarf of repulsion (worn)
 x - a +4 scale mail
Jewellery
 j - a +3 ring of dexterity
 l - an amulet of guardian spirit (around neck)
 o - an uncursed ring of ice
 t - a ring of see invisible (left hand)
 w - an uncursed ring of fire
 y - an uncursed ring of protection from cold {unknown}
 E - the amulet "Mikidgh" {rF+ rC+ Regen+ Int+3, unknown}
   (You took it off a minotaur in a labyrinth)

   [amulet of regeneration]

   It affects your intelligence (+3).
   It protects you from fire.
   It protects you from cold.
   It increases your rate of regeneration.
 J - a +3 ring of protection {unknown}
 L - a cursed ring of teleportation {unknown}
Wands
 a - a wand of polymorph (19)
 C - a wand of paralysis (19)
 H - a wand of flame (15)
Scrolls
 d - 3 scrolls of teleportation
 g - 2 scrolls of magic mapping
 h - a scroll of enchant armour
 k - 4 scrolls of fog
 p - a scroll of fear
 q - 3 scrolls of blinking
 u - a scroll of remove curse
 D - a scroll of random uselessness {unknown}
 I - 2 scrolls of identify
 K - a scroll of brand weapon {unknown}
Potions
 e - 3 potions of resistance
 f - a potion of might {unknown}
 m - a potion of agility {unknown}
 n - 3 potions of curing
 r - 2 potions of heal wounds {unknown}
 s - 3 potions of berserk rage {unknown}
 v - a potion of cancellation {unknown}
 z - 2 potions of flight {unknown}
 A - a potion of haste {unknown}
 G - a potion of lignification {unknown}
Comestibles
 c - a ration


   Skills:
 + Level 10.7 Fighting
 - Level 15.4(15.7) Axes
 + Level 5.0(11.4) Polearms
 - Level 2.4 Armour
 + Level 10.0 Dodging
 + Level 4.2 Stealth


You had 10 spell levels left.
You didn't know any spells.

Dungeon Overview and Level Annotations

Branches:
Dungeon (13/15)            Temple (0/1) D:4            Lair (0/6) D:8
    Orc (0/2) D:9
 Vaults: D:13-14

Altars:
Dithmenos
Fedhas
Gozag
Hepliaklqana
Makhleb
Nemelex Xobeh
Qazlal
Trog
Wu Jian
Yredelemnul

Shops:
D:7 (

Annotations:
D:4 exclusion: oklob plant


Innate Abilities, Weirdness & Mutations

You reflexively headbutt those who attack you in melee.
You have a pair of horns on your head.


Message History

You closely miss the skeletal warrior.
The skeletal warrior hits you with a hand axe!
* * * LOW HITPOINT WARNING * * *
The skeletal warrior closely misses you.
You furiously retaliate!
You headbutt the skeletal warrior, but do no damage.
You barely miss the skeletal warrior. The centaur barely misses you.
The skeletal warrior hits you with a hand axe!
* * * LOW HITPOINT WARNING * * *
The centaur wields a shortbow.
The centaur shoots an arrow.
The arrow hits you.
* * * LOW HITPOINT WARNING * * *
You see here an arrow.
You feel a strong urge to attack something.
The centaur shoots an arrow.
The arrow closely misses you.
The centaur shoots an arrow.
The arrow is repelled.
You feel your anger nearly subside.
You are no longer berserk.
You are exhausted.
You feel yourself slow down.
The skeletal warrior hits you with a hand axe!!
You die...

# #.# #.# # #.# #.#
####.####?#
.........)########
.....###(.....)(.#
####.####.######.#
#......# #.# ########
###.### #..@.(#
#..z..# #..z(.#
##..zc.# #......###
## #.#.#.....# ..#
....#......##...###
#..##..............<.
#.# ###..............


You could see 3 skeletal warriors and a centaur.

Vanquished Creatures
  A minotaur (Lab)
  Fannar (D:10)
  3 two-headed ogres
  Erica (D:10)
  A gargoyle (D:12)
  A manticore (D:12)
  The ghost of Mgcat the Skirmisher, a novice GrGl of Ru (D:5)
  A komodo dragon (D:8)
  2 hornets (D:10)
  The ghost of Mgcat the Skirmisher, an amateur GrGl of Ru (D:4)
  3 hippogriffs
  2 wraiths
  Sigmund (D:3)
  A shadow (D:13)
  7 yaks
  A human (D:7)
  3 hogs (D:7)
  3 hungry ghosts
  Menkaure (D:6)
  A swamp drake (D:9)
  2 ice beasts
  A black bear (D:8)
  6 orc warriors
  A phantom (D:5)
  A sky beast (D:7)
  4 centaurs
  2 necrophages
  5 ogres
  A crocodile (D:8)
  2 big kobolds
  6 bullfrogs
  2 scorpions
  9 killer bees
  3 wights (D:9)
  2 electric eels (D:10)
  3 howler monkeys
  The ghost of Mgcat the Chopper, a weakling GrGl (D:3)
  2 crimson imps
  A bullfrog zombie (D:13)
  A centaur zombie (D:5)
  A quasit (D:7)
  5 orc priests
  3 jellies
  A bullfrog skeleton (D:12)
  4 hounds
  9 orc wizards
  Ijyb (D:3)
  4 iguanas
  7 worker ants
  2 howler monkey zombies
  4 gnolls (D:8)
  A howler monkey skeleton (D:8)
  11 adders
  An adder skeleton (D:6)
  An adder zombie (D:9)
  3 worms
  2 dart slugs
  3 leopard geckos
  69 orcs
  3 ball pythons
  6 giant cockroaches
  2 gnoll zombies (D:3)
  8 goblins
  8 hobgoblins
  7 jackals
  18 kobolds
  5 quokkas
  A ball python skeleton (D:6)
  5 bats
  8 frilled lizards
  4 rats
298 creatures vanquished.

Vanquished Creatures (collateral kills)
  A two-headed ogre (D:8)
  2 hippogriffs
  A sky beast (D:8)
  A wight (D:9)
  An orc priest (D:9)
  2 orc wizards (D:7)
  2 orcs (D:7)
10 creatures vanquished.

Vanquished Creatures (others)
  A plant (D:8)
1 creature vanquished.

Grand Total: 309 creatures vanquished

Notes
Turn   | Place    | Note
-------+----------+-------------------------------------------
     0 | D:1      | ximkin the Minotaur Berserker began the quest for the Orb.
     0 | D:1      | Reached XP level 1. HP: 19/19 MP: 0/0
    73 | D:1      | Reached skill level 4 in Axes
   406 | D:1      | Reached XP level 2. HP: 15/26 MP: 1/1
   823 | D:1      | Reached ** piety under Trog
   903 | D:2      | Reached skill level 5 in Axes
   903 | D:2      | Reached XP level 3. HP: 30/31 MP: 2/2
  1329 | D:2      | Reached XP level 4. HP: 36/39 MP: 3/3
  1722 | D:3      | Noticed Ijyb
  1731 | D:3      | Paralysed by Ijyb for 4 turns
  1738 | D:3      | Killed Ijyb
  1743 | D:3      | Reached skill level 6 in Axes
  1904 | D:3      | Noticed Sigmund
  1922 | D:3      | Killed Sigmund
  1922 | D:3      | Reached skill level 7 in Axes
  1922 | D:3      | Reached XP level 5. HP: 4/45 MP: 4/4
  1922 | D:3      | Reached XP level 6. HP: 5/51 MP: 5/5
  1923 | D:3      | Reached *** piety under Trog
  2548 | D:3      | Found a basalt altar of Yredelemnul.
  2661 | D:3      | Noticed Mgcat's ghost (weakling GrGl)
  2669 | D:3      | Killed Mgcat's ghost
  2955 | D:4      | Found a blossoming altar of Fedhas.
  2985 | D:4      | Noticed an oklob plant
  3100 | D:4      | Noticed Mgcat's ghost (amateur GrGl)
  3113 | D:4      | Killed Mgcat's ghost
  3113 | D:4      | Reached skill level 8 in Axes
  3113 | D:4      | Reached skill level 1 in Stealth
  3113 | D:4      | Reached XP level 7. HP: 53/57 MP: 6/6
  3234 | D:4      | Found a staircase to the Ecumenical Temple.
  3424 | D:4      | Found a burning altar of Makhleb.
  3607 | D:5      | Entered Level 5 of the Dungeon
  4381 | D:5      | Reached skill level 9 in Axes
  4826 | D:5      | Reached skill level 5 in Dodging
  4966 | D:5      | Found a sparkling altar of Nemelex Xobeh.
  4966 | D:5      | Found a bloodstained altar of Trog.
  5073 | D:5      | Noticed Mgcat's ghost (novice GrGl)
  5093 | D:5      | Killed Mgcat's ghost
  5093 | D:5      | Reached skill level 10 in Axes
  5093 | D:5      | Reached XP level 8. HP: 23/64 MP: 7/7
  5790 | D:5      | Reached skill level 11 in Axes
  6283 | D:6      | Noticed Menkaure
  6291 | D:6      | Killed Menkaure
  6502 | D:6      | Found a glowing drain.
  6524 | D:6      | Reached skill level 12 in Axes
  6752 | D:7      | Reached **** piety under Trog
  6785 | D:7      | Reached XP level 9. HP: 56/70 MP: 8/8
  7102 | D:7      | Found a stormy altar of Qazlal.
  7147 | D:7      | Reached skill level 13 in Axes
  7313 | D:7      | Found Nymemn's Weapon Emporium.
  7412 | D:7      | Reached skill level 14 in Axes
  7548 | D:7      | Found a shadowy altar of Dithmenos.
  7748 | D:8      | Reached XP level 10. HP: 54/77 MP: 9/9
  7797 | D:8      | Noticed a two-headed ogre
  7806 | D:8      | Killed a two-headed ogre
  7815 | D:8      | Reached skill level 15 in Axes
  8278 | D:8      | Found a staircase to the Lair.
  8569 | D:8      | Found an opulent altar of Gozag.
  8598 | D:8      | Found a hazy altar of Hepliaklqana.
  8621 | D:9      | Found an ornate altar of the Wu Jian Council.
  9336 | D:9      | Reached ***** piety under Trog
  9336 | D:9      | Reached skill level 5 in Fighting
  9470 | D:9      | Found a staircase to the Orcish Mines.
 10367 | D:9      | Identified the Papyrus of the Last Allies
 11273 | D:10     | Entered Level 10 of the Dungeon
 11342 | D:10     | Noticed Erica
 11361 | D:10     | Killed Erica
 11363 | D:10     | Reached XP level 11. HP: 92/92 MP: 7/10
 11381 | D:10     | Received a gift from Trog
 11730 | D:10     | Noticed a two-headed ogre
 11734 | D:10     | Killed a two-headed ogre
 11761 | D:10     | HP: 3/95 [electric eel/bolt of electricity (10)]
 12536 | D:10     | Noticed Fannar
 12552 | D:10     | Killed Fannar
 12648 | D:10     | You fall through a shaft for 2 floors!
 12648 | D:12     | Noticed a two-headed ogre
 12651 | D:12     | Killed a two-headed ogre
 12933 | D:12     | Found a labyrinth entrance.
 12957 | Lab      | Entered a labyrinth
 13880 | Lab      | Noticed a minotaur
 13889 | Lab      | Killed a minotaur
 13891 | Lab      | Got a bound diamond amulet
 13894 | Lab      | Got a shimmering chain mail
 13904 | Lab      | Found the +9 scales of the Dragon King {rPois rF+ rC+ MR+}
 13917 | D:12     | Identified the cursed +1 chain mail "Qal Ucsi" {Int+8} (You took it off a minotaur in a labyrinth)
 14027 | D:12     | Reached skill level 10 in Fighting
 14248 | D:12     | Noticed a two-headed ogre
 14260 | D:12     | Killed a two-headed ogre
 15458 | D:13     | Reached skill level 10 in Dodging
 15487 | D:13     | Noticed a skeletal warrior
 15515 | D:13     | Reached skill level 5 in Polearms
 15530 | D:13     | Noticed a skeletal warrior
 15530 | D:13     | Noticed a skeletal warrior
 15546 | D:13     | HP: 7/151 [centaur/arrow (2)]
 15550 | D:13     | Mangled by a skeletal warrior

Skill      XL: |  1  2  3  4  5  6  7  8  9 10 11 |
---------------+----------------------------------+-----
Axes           | 4 5 7 8 10 12 14 15 | 15.4
Dodging        | 3 4 5 6 7 8 10 | 10.0
Stealth        | 1 2 3 4 |  4.2
Fighting       | 7 10 | 10.7
Polearms       | 5 |  5.0
Armour         | |  2.4

Action                   |  1- 3 |  4- 6 |  7- 9 | 10-12 || total
-------------------------+-------+-------+-------+-------++-------
Melee: Hand axe          |    93 |   119 |   277 |   249 ||   738
       Headbutt          |     5 |    24 |    61 |    90 ||   180
       Battleaxe         |       |       |       |   104 ||   104
       Scythe            |       |       |       |    98 ||    98
Invok: Berserk           |       |     3 |     5 |     8 ||    16
       Trog's Hand       |       |     1 |       |     3 ||     4
       Brothers in Arms  |       |       |     1 |     4 ||     5
       Burn Spellbooks   |       |       |     1 |     2 ||     3
  Use: Scroll            |     4 |     8 |     2 |    10 ||    24
       Potion            |       |       |       |     3 ||     3
  Eat: Ration            |     2 |     2 |     6 |    14 ||    24
Armor: Animal skin       |     3 |       |       |       ||     3
       Leather armour    |    19 |     8 |       |       ||    27
       Chain mail        |     2 |    15 |    95 |    40 ||   152
       Scale mail        |       |       |       |    50 ||    50
Dodge: Dodged            |    40 |    47 |    94 |   220 ||   401
       Deflected         |       |       |       |     3 ||     3
